AoeStats
← Barón de la Cerveza

Arabia

504341170Analyzed
1v1 RM · 29d ago on Sep 4, 2026· 38m 6s· 2 players
Game mode
Random Map
Map size
Tiny (2 player)
Population
200
Speed
Normal
Resources
Standard
Victory
Conquest
Starting age
Dark Age
Ending age
Imperial Age
RankedLock teamsTeams togetherTeam positionsShared explorationLock speedFull tech treeHidden civsTurbo modeCheats
Victory
Defeat
1755
+15
🇧🇷 Jurchens · Brazil
1740
-15
VkA | LimaoNub
6:21 Loom
9:38 Feudal Age
9:43 Man-at-Arms
17:01 Double-Bit Axe
17:18 Fletching
19:14 Padded Archer Armor
22:53 Castle Age
22:08 Horse Collar
22:57 Crossbowman
23:33 Bodkin Arrow
24:04 Bloodlines
23:55 Husbandry
26:42 Leather Archer Armor
33:36 Wheelbarrow
35:37 Scale Barding Armor
Barón de la Cerveza
6:45 Loom
8:58 Feudal Age
8:59 Double-Bit Axe
10:28 Bow Saw
14:53 Fletching
16:59 Horse Collar
18:53 Heavy Plow
22:53 Castle Age
21:02 Gold Mining
21:48 Padded Archer Armor
22:41 Gold Shaft Mining
22:32 Scale Barding Armor
23:32 Bodkin Arrow
22:57 Crossbowman
28:18 Two-Man Saw
30:18 Ballistics
30:42 Wheelbarrow
29:34 Cavalier
30:14 Husbandry
30:37 Chain Barding Armor
31:26 Town Watch
32:09 Forging
41:03 Imperial Age
Connection lost

Rejoining the realm…

Still unreachable

The connection could not be restored.

Session expired

The server has moved on; the page needs a fresh start.